 Dungeon Crawl Stone Soup version 0.26-a0-84-g8c18429211 (webtiles) character file.

Game seed: 13324384744876948084

13486 Gargoyl the Cleaver (level 11, -13/92 HPs)
             Began as a Centaur Abyssal Knight on June 17, 2020.
             Was a High Priest of Lugonu.
             Mangled by a catoblepas (23 damage)
             ... on level 2 of the Lair of Beasts.
             The game lasted 00:23:39 (18325 turns).

Gargoyl the Cleaver (Centaur Abyssal Knight)       Turns: 18325, Time: 00:23:40

Health: -13/92     AC: 18    Str: 16    XL:     11   Next: 76%
Magic:  17/17      EV:  5    Int: 11    God:    Lugonu [*****.]
Gold:   207        SH:  9    Dex: 18    Spells: 10/10 levels left

rFire    . . .     SeeInvis .   a - +7 hand axe
rCold    . . .     Gourm    .   v - +0 kite shield
rNeg     + . .     Faith    .   o - +0 chain mail (curse)
rPois    +         Spirit   .   d - +2 helmet
rElec    .         Reflect  .   s - +2 cloak
rCorr    +         Harm     .   D - +0 pair of gloves
MR       +....                  (no barding)
Stlth    ..........             (no amulet)
HPRegen  0.25/turn              e - ring of poison resistance
MPRegen  0.15/turn              t - ring of Firchic {rN+ MR+ rCorr Dex+7}

@: very quick
A: large, hooves 3, deformed body, speed 2, tough skin 3
a: Depart the Abyss, Bend Space, Banish, Corrupt, Enter the Abyss, Renounce
Religion


You were on level 2 of the Lair of Beasts.
You worshipped Lugonu.
Lugonu was extremely pleased with you.
You were very hungry.

You visited 2 branches of the dungeon, and saw 11 of its levels.
You visited the Abyss 1 time.

You collected 722 gold pieces.
You spent 515 gold pieces at shops.

Inventory:

Hand Weapons
 a - a +7 hand axe (weapon)
Armour
 d - a +2 helmet (worn)
 o - a cursed +0 chain mail (worn)
 s - a +2 cloak (worn)
 v - a +0 kite shield (worn)
 D - a +0 pair of gloves (worn)
Jewellery
 e - a ring of poison resistance (left hand)
 l - an uncursed ring of protection from fire
 t - the ring of Firchic (right hand) {rN+ MR+ rCorr Dex+7}
   (You bought it in a shop on level 6 of the Dungeon)

   [ring of resist corrosion]

   It affects your dexterity (+7).
   It protects you from negative energy.
   It affects your resistance to hostile enchantments.
   It provides partial protection from all sources of acid and corrosion.
Wands
 b - a wand of iceblast (12)
 p - a wand of digging (3)
 y - a wand of disintegration (13)
Scrolls
 g - 8 scrolls of teleportation
 j - 3 scrolls of blinking
 k - a scroll of identify
 m - 3 scrolls of fog
 q - 3 scrolls of remove curse
 u - a scroll of magic mapping
Potions
 f - a potion of heal wounds
 h - 3 potions of flight
 i - a potion of curing
 n - 3 potions of might
 r - a potion of stabbing
 w - a potion of brilliance
 x - 2 potions of ambrosia
 z - a potion of resistance
 A - a potion of haste
 B - a potion of magic {unknown}
Comestibles
 c - 18 rations


   Skills:
 + Level 7.0 Fighting
 + Level 8.8 Axes
 * Level 8.7 Armour
 * Level 5.5 Dodging
 + Level 2.4 Shields
 * Level 8.1 Invocations


You had 10 spell levels left.
You didn't know any spells.
Your spell library contained the following spells:

 Spells                   Type           Power        Failure   Level  Hunger
 Animate Skeleton         Necr           N/A          100%        1    ##.....
 Pain                     Necr           #...         100%        1    ##.....
 Summon Small Mammal      Summ           #...         100%        1    ##.....
 Call Imp                 Summ           #.......     100%        2    ###....
 Call Canine Familiar     Summ           #.......     100%        3    ####...
 Summon Guardian Golem    Hex/Summ       #.......     100%        3    ####...
 Vampiric Draining        Necr           #.........   100%        3    ####...
 Animate Dead             Necr           N/A          100%        4    #####..
 Summon Ice Beast         Ice/Summ       #.......     100%        4    #####..
 Summon Lightning Spire   Summ/Air       #.......     100%        4    #####..
 Agony                    Necr           #.......     100%        5    ######.


Dungeon Overview and Level Annotations

Branches:
Dungeon (9/15)             Temple (0/1) D:7            Lair (2/6) D:9
  Swamp: Lair:2-4    Shoals: Lair:2-4     Snake: Lair:2-4    Spider: Lair:2-4
    Orc: D:9-12

Altars:
Fedhas
Sif Muna
Vehumet
Wu Jian
Xom

Shops:
D:6 (*   D:7 !   D:8 ((   D:9 }

Annotations:
D:4 2 transporters


Innate Abilities, Weirdness & Mutations

You have hooves in place of feet.
Armour fits poorly on your strangely shaped body.
You cover ground very quickly.
You have extremely tough skin. (AC +3)


Message History

The catoblepas gores you!!
You have turned to stone.
You are engulfed in calcifying dust.
The catoblepas gores you.
You are engulfed in calcifying dust.
The catoblepas gores you but does no damage.
The catoblepas breathes a plume of calcifying dust at you.
The blast of calcifying dust hits you but does no damage.
You are engulfed in calcifying dust.
The catoblepas breathes a plume of calcifying dust at you.
The blast of calcifying dust hits you but does no damage.
You are engulfed in calcifying dust.
The catoblepas gores you!
* * * LOW HITPOINT WARNING * * *
You are engulfed in calcifying dust.
The catoblepas gores you!
* * * LOW HITPOINT WARNING * * *
You are engulfed in calcifying dust.
The catoblepas gores you!
* * * LOW HITPOINT WARNING * * *
You are engulfed in calcifying dust.
The catoblepas gores you!
* * * LOW HITPOINT WARNING * * *
You turn to flesh and can move again.
The catoblepas gores you!!
You die...

######## ####### # ##
##P##P#P###.#..P##.#
##.###...........§$......
..#................≈§≈§..
.........<.......§.§§≈§..
#.....†.........@§.≈§≈§..
#................Y.≈§≈≈..
#.#....................§.
#...#....................
..#.#.........$..........
.......#..PPP.#.......P##
≈≈≈≈≈≈........#.......##
≈≈≈#≈≈........#.......#
≈####≈................P#


You could see a catoblepas.

Vanquished Creatures
  Harold (Lair:2)
  Pikel (D:5)
  An ugly thing (D:8)
  A black mamba (Lair:1)
  2 spiny frogs
  A rime drake (Lair:1)
  A komodo dragon (Lair:1)
  7 blink frogs
  5 slime creatures
  2 hippogriffs
  11 yaks
  4 wraiths
  A human (D:7)
  3 hogs (D:7)
  2 hungry ghosts (D:8)
  6 water moccasins
  4 porcupines
  An ice beast (D:6)
  An orc warrior (D:9)
  2 phantoms
  3 black bears
  An eye of draining (D:9)
  2 centaurs
  13 bullfrogs
  3 big kobolds
  3 crocodiles
  2 wyvern zombies
  3 scorpions
  3 killer bees (D:6)
  7 wights
  6 howler monkeys
  3 crimson imps (D:6)
  A jelly (D:5)
  2 bullfrog zombies
  3 orc wizards
  2 hounds
  Ijyb (D:4)
  An iguana (D:4)
  5 worker ants
  A hound skeleton (D:8)
  A howler monkey zombie (D:8)
  A worker ant zombie (D:6)
  7 gnolls
  8 adders
  3 shadow imps (D:9)
  An ooze (D:4)
  An adder skeleton (D:4)
  A dart slug (D:1)
  7 leopard geckos
  24 orcs
  14 bats
  4 giant cockroaches
  8 hobgoblins
  24 jackals
  5 quokkas
  2 ball pythons
  3 frilled lizards
  14 goblins
  27 kobolds
  A leopard gecko skeleton (D:5)
  8 rats
  2 fungi (D:9)
288 creatures vanquished.

Vanquished Creatures (others)
  An orc warrior (D:9)
  2 slaves (D:5)
  A sky beast (D:5)
  An ogre (D:5)
  A scorpion (D:5)
  A bullfrog zombie (D:5)
  An adder (D:5)
  2 fungi (D:9)
  A plant (D:7)
11 creatures vanquished.

Grand Total: 299 creatures vanquished

Notes
Turn   | Place    | Note
-------+----------+-------------------------------------------
     0 | Abyss:1  | Gargoyl the Centaur Abyssal Knight began the quest for the
                  | Orb.
     0 | Abyss:1  | Reached XP level 1. HP: 19/19 MP: 2/2
     0 | Abyss:1  | Found a corrupted altar of Lugonu.
    74 | Abyss:1  | Found an ornate altar of the Wu Jian Council.
    75 | Abyss:1  | Noticed a small abomination
    77 | Abyss:1  | Noticed a small abomination
    77 | Abyss:1  | Noticed a smoke demon
    79 | D:1      | Escaped the Abyss
   245 | D:1      | Reached XP level 2. HP: 25/26 MP: 3/3
   301 | D:1      | Reached * piety under Lugonu
   577 | D:1      | Reached skill level 1 in Dodging
   774 | D:1      | Reached XP level 3. HP: 25/31 MP: 4/4
  1524 | D:2      | Reached ** piety under Lugonu
  1760 | D:2      | Found a shimmering blue altar of Sif Muna.
  2086 | D:2      | Reached XP level 4. HP: 38/38 MP: 5/5
  2914 | D:3      | Reached XP level 5. HP: 45/45 MP: 7/7
  3291 | D:4      | Noticed a phantom
  3513 | D:3      | Reached XP level 6. HP: 26/52 MP: 8/8
  3848 | D:4      | Found a transporter.
  3859 | D:4      | Found a transporter.
  3892 | D:4      | Reached *** piety under Lugonu
  3928 | D:4      | Reached XP level 7. HP: 24/59 MP: 9/9
  3956 | D:4      | Found a radiant altar of Vehumet.
  3956 | D:4      | Found an ornate altar of the Wu Jian Council.
  4204 | D:4      | Noticed Ijyb
  4220 | D:4      | Killed Ijyb
  4802 | D:5      | Entered Level 5 of the Dungeon
  4869 | D:5      | Noticed Pikel
  4888 | D:5      | Killed Pikel
  4888 | D:5      | Reached XP level 8. HP: 63/67 MP: 9/11
  5199 | D:5      | Reached skill level 5 in Axes
  5302 | D:5      | Found a shimmering altar of Xom.
  5932 | D:6      | Reached skill level 5 in Armour
  6062 | D:6      | Reached skill level 5 in Invocations
  6668 | D:6      | Found Lugout's General Store.
  6687 | D:6      | Reached XP level 9. HP: 72/73 MP: 12/12
  6935 | D:6      | Reached skill level 5 in Fighting
  7513 | D:6      | Found Zur Vit's Antique Weapon Emporium.
  7696 | D:7      | Found a blossoming altar of Fedhas.
  7981 | D:6      | Reached **** piety under Lugonu
  8130 | D:6      | HP: 1/74 [slime creature (4)]
  8869 | D:7      | Found Ritaxomi's Distillery.
  9663 | D:7      | Reached XP level 10. HP: 73/82 MP: 14/14
  9856 | D:7      | Found a staircase to the Ecumenical Temple.
  9968 | D:8      | Noticed a brown ugly thing
  9990 | D:8      | Killed a brown ugly thing
 10395 | D:8      | Found Wyucues's Weapon Shop.
 11504 | D:8      | Reached skill level 1 in Shields
 11723 | D:8      | Found Xysag's Antique Weapon Emporium.
 11886 | D:8      | Found the +5 scythe "Finisher" {speed, eviscerate}
 12570 | D:9      | Found Figeedut's Gadget Shop.
 13448 | D:9      | Reached ***** piety under Lugonu
 13448 | D:9      | Reached XP level 11. HP: 89/91 MP: 16/16
 13964 | D:9      | Found a staircase to the Lair.
 14065 | D:9      | Reached skill level 5 in Dodging
 14354 | Lair:1   | Entered Level 1 of the Lair of Beasts
 17163 | Lair:2   | Noticed Harold
 17415 | Lair:2   | Killed Harold
 17982 | D:6      | Bought the ring of Firchic {rN+ MR+ rCorr Dex+7} for 515
                  | gold pieces
 18293 | Lair:2   | Noticed a catoblepas
 18325 | Lair:2   | Mangled by a catoblepas

Illustrated notes

Levels and vault maps discovered:
D:1:      dpeg_arrival_round_c, layout_basic, st_stairs_10, minmay_vboxes
D:2:      layout_loops_corners, first_ration, lemuel_blue_sif_altar
D:3:      layout_rooms
D:4:      gammafunk_steamed_eel, layout_rooms,
          chequers_temple_overflow_statue_of_worship, uniq_ijyb
D:5:      layout_loops_ring, lemuel_doored_altar, uniq_pikel
D:6:      layout_cave_pods, serial_shops, nicolae_shop_stone, shop
D:7:      layout_rooms, fedhas_ov_isle_minmay, minmay_temple_entry_poolview,
          serial_shops, kennysheep_mini_moat, grunt_livestock
D:8:      layout_basic, serial_shops, shop, shop, minmay_guarded_unrand_finisher
D:9:      kennysheep_spiral_hall, layout_stronghold,
          grunt_lair_entry_orc_guard_hut, serial_shops, shop
Lair:1:   layout_layer_cave, lemuel_fruit_fields, infiniplex_staircase_pool_2
Lair:2:   layout_gridlike, uniq_harold

Skill      XL: |  1  2  3  4  5  6  7  8  9 10 11 |
---------------+----------------------------------+-----
Axes           | 2 3 4 5 6 7 8 |  8.8
Dodging        | 1 2 3 4 5 |  5.5
Armour         | 2 3 4 5 6 7 8 |  8.7
Invocations    | 3 4 5 6 7 8 |  8.1
Fighting       | 4 5 6 7 |  7.0
Shields        | 1 2 |  2.4

Action                   |  1- 3 |  4- 6 |  7- 9 | 10-12 || total
-------------------------+-------+-------+-------+-------++-------
Melee: Hand axe          |   112 |   201 |   390 |   612 ||  1315
       Kick              |    17 |    42 |    89 |   179 ||   327
Invok: Depart the Abyss  |     1 |       |       |       ||     1
       Banish            |       |       |       |     1 ||     1
       Bend Space        |       |       |       |     1 ||     1
Evoke: Wand              |       |       |       |     1 ||     1
  Use: Scroll            |     5 |     2 |    12 |    11 ||    30
       Potion            |       |     3 |     3 |     1 ||     7
  Eat: Chunk             |     3 |     3 |    12 |    18 ||    36
       Ration            |       |       |     2 |     4 ||     6
Armor: Leather armour    |   115 |       |       |       ||   115
       Chain mail        |       |   175 |   251 |   400 ||   826
       Skin              |       |     3 |    18 |       ||    21
Dodge: Dodged            |    88 |    54 |    99 |   100 ||   341
Block: Kite shield       |       |       |    20 |   240 ||   260

Table legend:
 A = Non-vault XP
 B = Vault XP
 C = Vault XP percentage of total XP
 D = Non-vault monster count
 E = Vault monster count
 F = Vault count percentage of total count
                 A         B        C        D         E       F
            +---------+---------+-------+---------+---------+-------
      Total |   14930 |    4336 |  22.5 |     259 |      29 |  10.1
            +---------+---------+-------+---------+---------+-------
        D:1 |      68 |      13 |  16.0 |      33 |       9 |  21.4
        D:2 |      24 |       0 |   0.0 |      15 |       0 |   0.0
        D:3 |     443 |       0 |   0.0 |      32 |       0 |   0.0
        D:4 |     332 |      39 |  10.5 |      14 |       1 |   6.7
        D:5 |     560 |     617 |  52.4 |      18 |       1 |   5.3
        D:6 |    1941 |       0 |   0.0 |      29 |       0 |   0.0
        D:7 |    1187 |    1227 |  50.8 |      16 |       6 |  27.3
        D:8 |    2530 |     628 |  19.9 |      41 |       3 |   6.8
        D:9 |    2013 |     789 |  28.2 |      34 |       8 |  19.0
     Lair:1 |    4776 |       0 |   0.0 |      22 |       0 |   0.0
     Lair:2 |    1056 |    1023 |  49.2 |       5 |       1 |  16.7
            +---------+---------+-------+---------+---------+-------
